 Dungeon Crawl Stone Soup version 0.26-a0-665-gefeb406119 (console) character file.

Game seed: 7213896538783423810

1386 om the Grappler (level 8, -1/112 HPs)
             Began as a Troll Berserker on Oct 13, 2020.
             Was a Priest of Trog.
             Slain by an orc wizard
             ... wielding a +0 dagger
              (5 damage)
             ... on level 7 of the Dungeon.
             The game lasted 00:12:36 (3376 turns).

om the Grappler (Troll Berserker)                   Turns: 3376, Time: 00:12:37

Health: -1/112     AC:  6    Str: 27    XL:     8   Next: 40%
Magic:  7/7        EV: 11    Int:  4    God:    Trog [***...]
Gold:   194        SH:  5    Dex:  9    Spells: 7/7 levels left

rFire    . . .     SeeInvis .     - Unarmed
rCold    . . .     Faith    .   (no shield)
rNeg     + . .     Spirit   .   a - +0 animal skin
rPois    +         Reflect  +   (helmet restricted)
rElec    .         Harm     .   s - scarf {repulsion}
rCorr    .         Rampage  .   (gloves unavailable)
MR       ++...                  (boots unavailable)
Stlth    ..........             q - amulet of reflection
HPRegen  1.68/turn              h - ring of poison resistance
MPRegen  0.10/turn              u - ring of positive energy

@: berserking (expiring), regenerating, repel missiles, very quick
A: large, unfitting armour, claws 3, regeneration 1, shaggy fur 1, tough skin 3
a: Berserk, Trog's Hand, Renounce Religion


You were on level 7 of the Dungeon.
You worshipped Trog.
Trog was most pleased with you.
You visited 1 branch of the dungeon, and saw 6 of its levels.

You collected 194 gold pieces.

Inventory:

Armour
 a - a +0 animal skin (worn)
 s - a scarf of repulsion (worn)
Jewellery
 h - a ring of poison resistance (left claw)
 i - a +6 ring of strength
 q - an amulet of reflection (around neck)
 u - a ring of positive energy (right claw)
 w - an uncursed ring of resist corrosion
Wands
 k - a wand of random effects (29)
 z - a wand of disintegration (13)
Scrolls
 b - 2 scrolls of fear {unknown}
 c - a scroll of fog {unknown}
 d - 6 scrolls of teleportation {unknown}
 e - a scroll of amnesia {unknown}
 f - 2 scrolls of remove curse {unknown}
 j - a scroll of blinking {unknown}
 n - 2 scrolls of noise {unknown}
 o - 3 scrolls of identify {unknown}
 v - a scroll of magic mapping {unknown}
 y - a scroll of enchant armour {unknown}
Potions
 g - 3 potions of heal wounds {unknown}
 l - a potion of mutation {unknown}
 m - 4 potions of curing {unknown}
 p - a potion of flight {unknown}
 r - a potion of degeneration {unknown}
 t - a potion of brilliance {unknown}
 x - a potion of haste


   Skills:
 - Level 3.0 Fighting
 - Level 4.0 Dodging
 + Level 9.9 Unarmed Combat


You had 7 spell levels left.
You didn't know any spells.
Your spell library was empty.

Dungeon Overview and Level Annotations

Branches:
Dungeon (5/15)             Temple (0/1) D:5

Altars:
Ashenzari
Trog
Yredelemnul
Zin


Innate Abilities, Weirdness & Mutations

You are too large for most types of armour.
You have claws for hands.
Your natural rate of healing is unusually fast.
You are covered in fur. (AC +1)
You have extremely tough skin. (AC +3)


Message History

The orc warrior hits you with a +0 trident!
* * * LOW HITPOINT WARNING * * *
You block the worker ant's attack.
You mangle Joseph!!
Joseph is almost dead.
Joseph misses you. The jelly hits you but does no damage.
The orc wizard casts a spell at you. The magic dart hits you.
* * * LOW HITPOINT WARNING * * *
The orc hits you but does no damage.
You claw Joseph!
You kill Joseph!
Trog accepts your kill. The worker ant closely misses you.
The orc warrior hits you with a +0 trident.
* * * LOW HITPOINT WARNING * * *
The black bear barely misses you. You block the black bear's attack.
The black bear claws you.
* * * LOW HITPOINT WARNING * * *
The orc wizard hits you with a +0 dagger.
You die...

#.......####.#
#.....o....#.##
#.._P.........# ..
#...P.........#####....
#..................#....
#.................#....
#.........)...........
##...#...............
#########h#.....$.#
#oohoo....# ###B@o....#
##Jo...## ##o....##
#.o)....# #.......#
#.......# ##.....##
##...## #####


You could see an orc warrior, 2 black bears, a jelly, a worker ant, an orc
wizard and 6 orcs.

Vanquished Creatures
  Joseph (D:7)
  Sigmund (D:5)
  Eustachio (D:4)
  Menkaure (D:5)
  An ogre (D:4)
  A bullfrog zombie (D:4)
  A bullfrog skeleton (D:2)
  An orc priest (D:7)
  A hound (D:4)
  2 centaur skeletons
  Ijyb (D:5)
  Natasha (thrice) (D:2)
  A worker ant (D:5)
  A hound skeleton (D:4)
  Robin (D:4)
  9 adders
  5 gnolls
  2 shadow imps (D:5)
  2 worms
  2 dart slugs
  7 leopard geckos
  4 orcs
  8 bats
  5 giant cockroaches
  13 goblins
  6 hobgoblins
  12 jackals
  10 kobolds
  A quokka (D:2)
  2 ball pythons
  8 frilled lizards
  5 rats
119 creatures vanquished.

Notes
Turn   | Place    | Note
-------+----------+-------------------------------------------
     0 | D:1      | om the Troll Berserker began the quest for the Orb.
     0 | D:1      | Reached XP level 1. HP: 22/22 MP: 0/0
   260 | D:1      | Reached XP level 2. HP: 29/29 MP: 1/1
   630 | D:2      | Reached XP level 3. HP: 32/36 MP: 2/2
   683 | D:2      | Noticed Natasha
   690 | D:2      | Killed Natasha
   690 | D:2      | Reached skill level 4 in Unarmed Combat
   854 | D:2      | Noticed Natasha
   863 | D:2      | Killed Natasha
   863 | D:2      | Reached ** piety under Trog
   863 | D:2      | Reached XP level 4. HP: 44/44 MP: 3/3
  1310 | D:2      | Noticed Natasha
  1320 | D:2      | Killed Natasha
  1320 | D:2      | Reached XP level 5. HP: 53/53 MP: 4/4
  1653 | D:3      | Reached skill level 5 in Unarmed Combat
  2446 | D:4      | Reached XP level 6. HP: 58/61 MP: 5/5
  2454 | D:4      | Noticed Robin
  2466 | D:4      | Killed Robin
  2475 | D:4      | Reached *** piety under Trog
  2572 | D:4      | Found a broken altar of Ashenzari.
  2572 | D:4      | Found a glowing silver altar of Zin.
  2573 | D:4      | Found a basalt altar of Yredelemnul.
  2680 | D:4      | Reached skill level 6 in Unarmed Combat
  2897 | D:4      | Noticed Eustachio
  2906 | D:4      | Killed Eustachio
  2906 | D:4      | Reached skill level 7 in Unarmed Combat
  2906 | D:4      | Reached XP level 7. HP: 65/67 MP: 6/6
  3022 | D:5      | Entered Level 5 of the Dungeon
  3032 | D:5      | Found a staircase to the Ecumenical Temple.
  3119 | D:5      | Noticed Sigmund
  3132 | D:5      | Killed Sigmund
  3132 | D:5      | Reached skill level 8 in Unarmed Combat
  3177 | D:5      | Noticed Menkaure
  3183 | D:5      | Killed Menkaure
  3198 | D:5      | Noticed Ijyb
  3208 | D:5      | Killed Ijyb
  3208 | D:5      | Reached XP level 8. HP: 53/75 MP: 7/7
  3343 | D:5      | You fall into a shaft and drop 2 floors!
  3343 | D:7      | Found a bloodstained altar of Trog.
  3351 | D:7      | Noticed Joseph
  3365 | D:7      | Reached skill level 9 in Unarmed Combat
  3375 | D:7      | Killed Joseph
  3376 | D:7      | HP: 4/112 [black bear (3)]
  3376 | D:7      | Slain by an orc wizard

Illustrated notes

Levels and vault maps discovered:
D:1:      ncdulo_smallfort, layout_loops_ring
D:2:      layout_loops_ring, hangedman_abyss_or_decor_lesser_grid, uniq_natasha
D:3:      layout_loops_ring
D:4:      layout_rooms, grunt_temple_overflow_open,
          hangedman_abyss_or_decor_stagger, uniq_robin, uniq_eustachio
D:5:      layout_cave_pools, lemuel_round_altar, nicolae_overflow_hidden_temple,
          minmay_temple_entry_trees, uniq_menkaure, uniq_sigmund, uniq_ijyb
D:7:      layout_rooms, trog_ov_bears_minmay, uniq_joseph, uniq_pikel

Skill      XL: |  1  2  3  4  5  6  7  8 |
---------------+-------------------------+-----
Unarmed Combat | 4 5 7 8 9 |  9.9
Dodging        | 3 4 |  4.0
Fighting       | 3 |  3.0

Action                   |  1- 3 |  4- 6 |  7- 9 || total
-------------------------+-------+-------+-------++-------
Melee: Unarmed           |    56 |   206 |    67 ||   329
       Punch             |     1 |     3 |     3 ||     7
Invok: Berserk           |     3 |     2 |     4 ||     9
       Trog's Hand       |       |       |     1 ||     1
Armor: Animal skin       |    27 |    70 |    20 ||   117
Dodge: Dodged            |    25 |   143 |    44 ||   212
Block: Other             |       |     5 |    15 ||    20

Table legend: (Time is in decaauts)
 A = Elapsed time spent in this place.
 B = Non-inter-level travel time spent in this place.
 C = Inter-level travel time spent in this place.
 D = Time resting spent in this place.
 E = Time spent auto-exploring this place.
 F = Levels seen in this place.
 G = Mean time per level.
                   A        B        C        D        E       F      G
               +--------+--------+--------+--------+--------+-----+--------+
         Total |   3419 |   3357 |     62 |    666 |   1998 |   6 |  569.8 |
       Dungeon |   3419 |   3357 |     62 |    666 |   1998 |   6 |  569.8 |
               +--------+--------+--------+--------+--------+-----+--------+

Top non-repeatable levels by time:
     D:2: 1066 daAuts
     D:3: 680 daAuts
     D:4: 679 daAuts
     D:1: 622 daAuts
     D:5: 344 daAuts
     D:7: 26 daAuts
